 Dungeon Crawl Stone Soup version 0.29.0-4-gdea44cf6ec (webtiles) character file.

Game seed: 15245300939418441896

34 qw the Vexing (level 3, -5/33 HPs)
             Began as an Ogre Enchanter on Sept 4, 2022.
             Slain by Terence
             ... wielding a +0 short sword
              (7 damage)
             ... on level 2 of the Dungeon.
             The game lasted 00:00:46 (2205 turns).

qw the Vexing (Ogre Enchanter)                      Turns: 2205, Time: 00:00:47

Health: -5/33      AC:  3    Str: 14    XL:     3   Next: 31%
Magic:  6/6        EV:  8    Int: 16    God:
Gold:   79         SH:  6    Dex:  9    Spells: 6/6 levels left

rFire   . . .      SeeInvis .   p - +0 hand axe
rCold   . . .      Faith    .   e - +0 kite shield
rNeg    . . .      Spirit   .   b - +0 robe
rPois   .          Reflect  .   (helmet restricted)
rElec   .          Harm     .   (no cloak)
rCorr   .          Rampage  .   (gloves unavailable)
Will    .....                   (boots unavailable)
Stlth   ++........              (no amulet)
HPRegen 0.11/turn               (no ring)
MPRegen 0.10/turn               (no ring)

@: no status effects
A: large, unfitting armour, tough skin 1
a: no special abilities


You were on level 2 of the Dungeon.
You visited 1 branch of the dungeon, and saw 2 of its levels.

You collected 79 gold pieces.


Innate Abilities, Weirdness & Mutations

You are too large for most types of armour.
You have tough skin. (AC +1)


   Skills:
 - Level 1.5 Fighting
 - Level 0.8 Short Blades
 - Level 2.0 Axes
 - Level 1.7 Dodging
 - Level 2.1 Stealth
 + Level 1.1 Shields
 - Level 2.4 Spellcasting
 - Level 2.6 Hexes


You had 6 spell levels left.
You didn't know any spells.
Your spell library contained the following spells:

 Spells                   Type           Power      Damage    Failure   Level
 Ensorcelled Hibernation  Hex/Ice        12%        N/A       41%         2
 Confusing Touch          Hex            10%        N/A       45%         3
 Tukima's Dance           Hex            10%        N/A       45%         3
 Dazzling Flash           Conj/Hex       12%        N/A       65%         3

Inventory:

Hand Weapons
 p - a +0 hand axe (weapon)
Armour
 b - a +0 robe (worn)
 e - a +0 kite shield (worn)
Scrolls
 d - a scroll of identify
 i - a scroll of teleportation {unknown}
 l - a scroll of amnesia {unknown}
 m - a scroll of butterflies {unknown}
 n - a scroll of vulnerability {unknown}
Potions
 a - a potion of attraction {unknown}
 c - a potion of degeneration {unknown}
 f - 2 potions of curing
 g - 2 potions of mutation {unknown}
 h - a potion of haste {unknown}
 j - a potion of lignification {unknown}
 k - a potion of heal wounds {unknown}
 o - a potion of cancellation {unknown}

Dungeon Overview and Level Annotations

Branches:
Dungeon (2/15)

Altars:

Annotations:
D:2 Terence


Message History

You open the door.
There is an open door here.
Terence the Incautious comes into view.
He is wielding a +0 short sword.
Terence shouts!
You hit Terence but do no damage. Terence hits you with a +0 short sword.
You hit Terence but do no damage. You block Terence's attack.
Terence hits you with a +0 short sword.
You hit Terence.
Terence is moderately wounded.
Terence hits you with a +0 short sword.
You closely miss Terence.
Terence is moderately wounded.
Terence hits you with a +0 short sword.
You hit Terence.
Terence is heavily wounded.
Terence hits you with a +0 short sword. x2
You hit Terence but do no damage.
Terence is heavily wounded.
Terence hits you with a +0 short sword.
You hit Terence but do no damage.
Terence is heavily wounded.
Terence hits you with a +0 short sword. You block Terence's attack.
You barely miss Terence.
Terence is heavily wounded.
Terence hits you with a +0 short sword.
You hit Terence but do no damage.
Terence is heavily wounded.
Terence barely misses you.
You barely miss Terence.
Terence is heavily wounded.
Terence shouts, "DIE!!!"
Terence barely misses you. Terence closely misses you.
You hit Terence.
Terence is heavily wounded.
Terence hits you with a +0 short sword.
You hit Terence.
Terence is almost dead.
Terence hits you with a +0 short sword!
You die...

# ##.## # #.# .# #
#.# .# # ##'## .#
##...## .#
##.....## ###.#
##.......## ##.#.#
..........####..@.#
..........'.....@.#
..........###.....#
##.......## ##..###
##.....## #.##
##...## #.# ##'##
#.# #.# #.# #.# #.#
#####.###### #.#


You could see Terence.

Vanquished Creatures
  2 dart slugs (D:2)
  An orc (D:2)
  3 bats (D:1)
  A giant cockroach (D:1)
  6 goblins
  3 hobgoblins (D:1)
  2 kobolds (D:1)
  2 quokkas
  A ball python (D:2)
  A frilled lizard (D:1)
  4 rats
26 creatures vanquished.

Notes
Turn   | Place    | Note
-------+----------+-------------------------------------------
     0 | D:1      | qw the Ogre Enchanter began the quest for the Orb.
     0 | D:1      | Reached XP level 1. HP: 16/16 MP: 3/3
     0 | D:1      | 0 ||| qw: Version: 0.1-a-103-gd6f5d3a
     0 | D:1      | 0 ||| qw: Game counter: 5375
     0 | D:1      | 0 ||| qw: Always use a shield: true
     0 | D:1      | 0 ||| qw: God list: Okawaru
     0 | D:1      | 0 ||| qw: Allow faded altars: false
     0 | D:1      | 0 ||| qw: Do Orc after D:15 true
     0 | D:1      | 0 ||| qw: Do second Lair branch before Depths: true
     0 | D:1      | 0 ||| qw: Lair rune preference: random
     0 | D:1      | 0 ||| qw: Plans: Normal
     0 | D:1      | 0 ||| PLANNING D:1-11
   204 | D:1      | 204 ||| SWAPPING to +0 club.
   205 | D:1      | 205 ||| DROPPING +1 dagger.
   325 | D:1      | Reached skill level 1 in Axes
   752 | D:1      | Reached skill level 1 in Fighting
   764 | D:1      | Reached XP level 2. HP: 25/27 MP: 5/5
   787 | D:1      | 787 ||| SWAPPING to +0 spear.
   788 | D:1      | 788 ||| DROPPING +0 club.
  1039 | D:1      | 1039 ||| Stepping ~*~*~tactically~*~*~ (stealth).
  1046 | D:1      | 1046 ||| Stepping ~*~*~tactically~*~*~ (stealth).
  1047 | D:1      | 1047 ||| Stepping ~*~*~tactically~*~*~ (stealth).
  1053 | D:1      | 1053 ||| Stepping ~*~*~tactically~*~*~ (outnumbered).
  1054 | D:1      | 1054 ||| Stepping ~*~*~tactically~*~*~ (outnumbered).
  1055 | D:1      | 1055 ||| Stepping ~*~*~tactically~*~*~ (outnumbered).
  1056 | D:1      | 1056 ||| Stepping ~*~*~tactically~*~*~ (outnumbered).
  1057 | D:1      | 1057 ||| Stepping ~*~*~tactically~*~*~ (outnumbered).
  1058 | D:1      | 1058 ||| Stepping ~*~*~tactically~*~*~ (outnumbered).
  1241 | D:1      | 1241 ||| Stepping ~*~*~tactically~*~*~ (stealth).
  1398 | D:1      | 1398 ||| UPGRADING to +0 kite shield.
  1403 | D:1      | 1403 ||| DROPPING ring of magical power.
  1404 | D:1      | 1404 ||| READING scroll labelled CEBIJU TAOM.
  1405 | D:1      | 1405 ||| READING scroll labelled AROITAECRU.
  1406 | D:1      | 1406 ||| READING scroll labelled HECHUXTODU.
  1407 | D:1      | 1407 ||| DRINKING 2 golden potions.
  1408 | D:1      | 1408 ||| DROPPING 2 potions of invisibility.
  1702 | D:2      | 1702 ||| Stepping ~*~*~tactically~*~*~ (stealth).
  1704 | D:2      | 1704 ||| Stepping ~*~*~tactically~*~*~ (stealth).
  1717 | D:2      | Reached XP level 3. HP: 33/33 MP: 6/6
  1728 | D:2      | 1728 ||| Stepping ~*~*~tactically~*~*~ (hiding).
  1950 | D:2      | Reached skill level 1 in Shields
  2033 | D:2      | 2033 ||| SWAPPING to +0 hand axe.
  2034 | D:2      | 2034 ||| DROPPING +1 spear.
  2189 | D:2      | Noticed Terence
  2201 | D:2      | HP: 5/33 [Terence/+0 short sword (6)]
  2204 | D:2      | HP: 2/33 [Terence/+0 short sword (3)]
  2205 | D:2      | Slain by Terence

Levels and vault maps discovered:
D:1:      minmay_arrival_doors, layout_basic, hex_intersection,
          minmay_stone_trees_small
D:2:      layout_loops_corners, uniq_terence

Skill      XL: |  1  2  3 |
---------------+----------+-----
Axes           | 1 2 |  2.0
Fighting       | 1 |  1.5
Shields        | 1 |  1.1
Short Blades   | |  0.8
Dodging        | |  1.7
Stealth        | |  2.1
Spellcasting   | |  2.4
Hexes          | |  2.6

Action                   || total
-------------------------++-------
Melee: Club              ||    30
       Dagger            ||    14
       Spear             ||    78
       Punch             ||     1
       Hand axe          ||    12
  Use: Scroll            ||     3
       Potion            ||     1
Armor: Robe              ||    28
Dodge: Dodged            ||    58
Block: Kite shield       ||     3

Table legend:
 A = Non-vault XP
 B = Vault XP
 C = Vault XP percentage of total XP
 D = Non-vault monster count
 E = Vault monster count
 F = Vault count percentage of total count
                 A         B        C        D         E       F
            +---------+---------+-------+---------+---------+-------
      Total |      49 |       0 |   0.0 |      26 |       0 |   0.0
            +---------+---------+-------+---------+---------+-------
        D:1 |      32 |       0 |   0.0 |      19 |       0 |   0.0
        D:2 |      17 |       0 |   0.0 |       7 |       0 |   0.0
            +---------+---------+-------+---------+---------+-------
